 Dungeon Crawl Stone Soup version 0.29-a0-962-gc8bbfd0a37 (webtiles) character file.

Game seed: 5716242515800470589

111 freelancePsychic the Shooter (level 4, -7/37 HPs)
             Began as a Draconian Arcane Marksman on July 31, 2022.
             Killed by divine providence
             ... invoked by an orc priest
              (13 damage)
             ... on level 3 of the Dungeon.
             The game lasted 00:03:20 (2829 turns).

freelancePsychic the Shooter (DrAM)                 Turns: 2829, Time: 00:03:20

Health: -7/37      AC:  5    Str: 13    XL:     4   Next: 62%
Magic:  5/5        EV: 12    Int: 13    God:
Gold:   120        SH:  0    Dex: 13    Spells: 4/5 levels left

rFire   . . .      SeeInvis .   a - +1 sling
rCold   . . .      Faith    .   (no shield)
rNeg    . . .      Spirit   .   (body armour unavailable)
rPois   .          Reflect  .   (helmet restricted)
rElec   .          Harm     .   (no cloak)
rCorr   .          Rampage  .   (no gloves)
Will    .....                   (no boots)
Stlth   +.........              (no amulet)
HPRegen 0.12/turn               (no ring)
MPRegen 0.09/turn               (no ring)

@: no status effects
A: AC +5, unfitting armour, cold-blooded
a: no special abilities


You were on level 3 of the Dungeon.
You visited 1 branch of the dungeon, and saw 3 of its levels.

You collected 120 gold pieces.

Inventory:

Hand Weapons
 a - a +1 sling (weapon)
Missiles
 m - a throwing net
Scrolls
 b - 2 scrolls of vulnerability
 g - a scroll of amnesia {unknown}
 h - a scroll of immolation {unknown}
 i - a scroll of noise {unknown}
Potions
 c - a potion of mutation
 d - a potion of might {unknown}
 e - a potion of degeneration {unknown}
 f - a potion of curing {@q1}
 j - a potion of ambrosia {unknown}
 k - a potion of invisibility {unknown}
 l - 3 potions of flight {unknown}


   Skills:
 + Level 2.8 Fighting
 * Level 3.8 Ranged Weapons
 - Level 1.7 Dodging
 - Level 1.0 Spellcasting
 - Level 2.6 Hexes


You had 4 spell levels left.
You knew the following spells:

 Your Spells              Type           Power      Damage    Failure   Level
a - Slow                  Hex            28%        N/A       10%         1

Your spell library contained the following spells:

 Spells                   Type           Power      Damage    Failure   Level
 Ensorcelled Hibernation  Hex/Ice        8%         N/A       24%         2
 Inner Flame              Hex/Fire       4%         N/A       43%         3
 Portal Projectile        Hex/Tloc       8%         N/A       43%         3
 Spider Form              Tmut/Pois      0%         N/A       63%         3
 Cause Fear               Hex            3%         N/A       67%         4
 Anguish                  Hex/Necr       2%         N/A       85%         4


Dungeon Overview and Level Annotations

Branches:
Dungeon (3/15)

Altars:

Shops:
D:2 (


Innate Abilities, Weirdness & Mutations

Your plain brown scales are hard. (AC +5)
You cannot fit into any form of body armour.
You are cold-blooded and may be slowed by cold attacks.


Message History

Beogh smites you!
You hear a shout!
You shoot a sling bullet.
The sling bullet hits the orc priest but does no damage.
The orc priest is moderately wounded.
The orc priest invokes the aid of Beogh against you.
Beogh smites you!
* * * LOW HITPOINT WARNING * * *
You hear a shout!
You are too injured to fight recklessly!
You are too injured to fight recklessly!
You are too injured to fight recklessly!
You are too injured to fight recklessly!
You are too injured to fight recklessly!
You are too injured to fight recklessly!
You are too injured to fight recklessly!
You are too injured to fight recklessly!
You are too injured to fight recklessly!
You are too injured to fight recklessly!
You are too injured to fight recklessly!
You are too injured to fight recklessly!
You are too injured to fight recklessly!
You are too injured to fight recklessly!
You are too injured to fight recklessly!
You are too injured to fight recklessly!
An orc priest comes into view. It is wielding a +0 hand axe.
The orc priest shouts!
The orc priest mumbles some strange prayers to Beogh against you.
Beogh smites you!
* * * LOW HITPOINT WARNING * * *
There is a stone staircase leading up here.
Okay, then.
It was a potion of curing.
You feel better.
The orc priest hits you with a +0 flail.
* * * LOW HITPOINT WARNING * * *
The orc priest calls upon Beogh to heal the orc priest.
The orc priest's wounds heal themselves!
The orc priest invokes the aid of Beogh against you.
Beogh smites you!
You die...

.......#.###......##... .........
....................... .........
##.###.#.###......... ...###.#..
#........# #.#####.#. .#.##.
#..###.#####.#####.#.... ...#.##>
#...................... .........
#.<..........#####.#....#+###.##.
#......#####.#####.#..........##.
#......# #.....@o...oo..........
#......# #.....##.#....#........
#......####.....##.....#..##.....
#...................$# #..)....
#..#............#..#...#...#.....
#..#.#.####......#...#...#...#...
#.##.#.........#...#)..#...#...#.
#............#...#...#...#...#...
####.#.###.#...#...#...#...#...#.


You could see 3 orc priests.

Vanquished Creatures
  2 gnolls (D:3)
  An adder (D:2)
  2 worms (D:2)
  4 orcs (D:3)
  4 endoplasms
  7 hobgoblins
  6 jackals (D:1)
  5 quokkas
  9 ball pythons
  6 bats
  3 frilled lizards
  5 goblins
  8 kobolds
  4 rats
66 creatures vanquished.

Notes
Turn   | Place    | Note
-------+----------+-------------------------------------------
     0 | D:1      | freelancePsychic the Draconian Arcane Marksman began the
                  | quest for the Orb.
     0 | D:1      | Reached XP level 1. HP: 16/16 MP: 2/2
   198 | D:1      | Reached skill level 2 in Ranged Weapons
   288 | D:1      | Reached XP level 2. HP: 22/23 MP: 1/3
   763 | D:1      | Reached XP level 3. HP: 28/29 MP: 4/4
  1118 | D:2      | Reached skill level 3 in Ranged Weapons
  1683 | D:2      | Found Oteit's Weapon Boutique.
  1780 | D:2      | Reached XP level 4. HP: 37/37 MP: 5/5
  1820 | D:2      | You fall into a shaft and drop 1 floor!
  2180 | D:3      | Found a faded altar of an unknown god.
  2384 | D:3      | Identified the +3 quarterstaff "Ufaessuc" {flame, rCorr
                  | Str+4}
  2829 | D:3      | Killed from afar by an orc priest

Illustrated notes

Levels and vault maps discovered:
D:1:      co_arrival_two_rings, layout_loops_corners, minmay_statues_item
D:2:      minmay_recursive_quarters, layout_basic, serial_shops, shop
D:3:      layout_basic, hellmonk_ecumenical_altar_heavens_door,
          dk_noncrumbling_4, hex_large, serial_bayou_pond_d,
          minmay_tree_intersection

Skill      XL: |  1  2  3 |
---------------+----------+-----
Ranged Weapons | 2 3 |  3.8
Fighting       | 2 |  2.8
Dodging        | |  1.7
Spellcasting   | |  1.0
Hexes          | |  2.6

Action                   |  1- 3 |  4- 6 || total
-------------------------+-------+-------++-------
 Fire: Sling             |   162 |    62 ||   224
 Cast: Slow              |     6 |     8 ||    14
  Use: Scroll            |     1 |     1 ||     2
       Potion            |       |     1 ||     1
Armor: Skin              |    27 |     6 ||    33
Dodge: Dodged            |    60 |    16 ||    76

Table legend: (Time is in decaauts)
 A = Elapsed time spent in this place.
 B = Non-inter-level travel time spent in this place.
 C = Inter-level travel time spent in this place.
 D = Time resting spent in this place.
 E = Time spent auto-exploring this place.
 F = Levels seen in this place.
 G = Mean time per level.
                   A        B        C        D        E       F      G
               +--------+--------+--------+--------+--------+-----+--------+
         Total |   2884 |   2730 |    154 |    178 |   2099 |   3 |  961.3 |
       Dungeon |   2884 |   2730 |    154 |    178 |   2099 |   3 |  961.3 |
               +--------+--------+--------+--------+--------+-----+--------+

Top non-repeatable levels by time:
     D:2: 1264 daAuts
     D:1: 1102 daAuts
     D:3: 517 daAuts
